 Dungeon Crawl Stone Soup version 0.25-a0-651-g8c222c7a2b (webtiles) character file.

Game seed: 4049353399712472424, levelgen mode: deterministic

30 Conn the Sneak (level 3, 0/21 HPs)
             Began as an Octopode Wizard on Mar 22, 2020.
             Slain by an adder (3 damage)
             ... on level 2 of the Dungeon.
             The game lasted 00:02:42 (1083 turns).

Conn the Sneak (Octopode Wizard)                    Turns: 1083, Time: 00:02:43

Health: 0/21       AC:  1    Str:  6 (7)  XL:     3   Next: 20%
Magic:  6/7        EV: 13    Int: 17 (20) God:
Gold:   55         SH:  0    Dex:  7 (10) Spells: 3/8 levels left

rFire    . . .     SeeInvis +   g - +0 short sword
rCold    . . .     Gourm    .   (no shield)
rNeg     . . .     Faith    .   a - +0 hat
rPois    .         Spirit   .   h - amulet of the acrobat
rElec    .         Reflect  .   j - ring of see invisible
rCorr    .         Harm     .   (no ring)
MR       .....                  (no ring)
Stlth    +++.......             (no ring)
HPRegen  0.07/turn              (no ring)
MPRegen  0.10/turn              (no ring)
                                (no ring)
                                (no ring)

@: lethally poisoned (0 -> -21)
A: almost no armour, stealthy swim, amphibious, 8 rings, constrict 8, camouflage
1, gelatinous body 1
a: no special abilities


You were on level 2 of the Dungeon.
You were not hungry.

You visited 1 branch of the dungeon, and saw 2 of its levels.

You collected 55 gold pieces.

Inventory:

Hand Weapons
 e - a +0 dagger
 g - a +0 short sword (weapon)
Missiles
 k - 17 sling bullets
Armour
 a - a +0 hat (worn)
Jewellery
 h - an amulet of the acrobat (around mantle)
 j - a ring of see invisible (left tentacle)
Scrolls
 b - a scroll of identify {unknown}
 d - a scroll of fear {unknown}
 f - a scroll of random uselessness {unknown}
Comestibles
 c - 5 rations


   Skills:
 + Level 0.2 Fighting
 + Level 0.3 Short Blades
 + Level 2.2 Dodging
 + Level 4.2 Stealth
 + Level 3.1 Spellcasting
 + Level 1.1 Conjurations
 + Level 1.0 Summonings
 + Level 1.0 Translocations


You had 3 spell levels left.
You knew the following spells:

 Your Spells              Type           Power        Failure   Level  Hunger
a - Magic Dart            Conj           #...         11%         1    None
b - Blink                 Tloc           N/A          17%         2    ##.....
c - Call Imp              Summ           #.......     17%         2    ##.....

Your spell library contained the following spells:

 Spells                   Type           Power        Failure   Level  Hunger
 Slow                     Hex            #.......     26%         2    ##.....
 Conjure Flame            Conj/Fire      #.......     38%         3    ###....
 Mephitic Cloud           Conj/Pois/Air  #.......     41%         3    ###....


Dungeon Overview and Level Annotations

Branches:
Dungeon (2/15)

Altars:


Innate Abilities, Weirdness & Mutations

You cannot wear most types of armour.
You are very stealthy in the water. (Stealth+)
You are amphibious.
You can wear up to eight rings at the same time.
You can use your tentacles to constrict eight enemies at once.
Your skin changes colour to match your surroundings (Stealth+).
Your rubbery body absorbs attacks. (AC +1, EV +1)


Message History

Confirm with . or Enter, or press ? or * to list all spells.
Aiming: Magic Dart (safe; 9% risk of failure)
Press: ? - help, Shift-Dir - straight line, f - adder
Aim: an adder (heavily wounded)
The magic dart hits the adder.
The adder is severely wounded.
You feel sick. The adder bites you.
You are more poisoned.
The adder poisons you! The adder bites you.
* * * LOW HITPOINT WARNING * * *
You are more poisoned.
The adder poisons you!
Okay, then.
Unknown command.
It was a potion of degeneration.
There was something very wrong with that liquid.
You feel weakened.
You feel dopey.
You feel clumsy.
* * * LOW HITPOINT WARNING * * *
You feel sick. The adder bites you.
You die...

#########.#
#....@S...#
#.#######.#
#.#.....#
#.#.###.#
#.......#
######.#####.##
#......<.......
#.##########.#.


You could see an adder.

Vanquished Creatures
  2 oozes (D:1)
  A dart slug (D:1)
  2 goblins (D:1)
  A hobgoblin (D:1)
  2 jackals (D:1)
  2 kobolds (D:1)
  4 bats (D:1)
  6 rats (D:1)
20 creatures vanquished.

Notes
Turn   | Place    | Note
-------+----------+-------------------------------------------
     0 | D:1      | Conn the Octopode Wizard began the quest for the Orb.
     0 | D:1      | Reached XP level 1. HP: 11/11 MP: 4/4
   118 | D:1      | Reached skill level 3 in Stealth
   274 | D:1      | Reached XP level 2. HP: 17/17 MP: 6/6
   278 | D:1      | Learned a level 2 spell: Blink
   281 | D:1      | Learned a level 2 spell: Call Imp
   694 | D:1      | Reached XP level 3. HP: 10/21 MP: 0/7
   853 | D:1      | Reached skill level 4 in Stealth
  1083 | D:2      | Slain by an adder

Levels and vault maps discovered:
D:1:      dpeg_arrival_line_fractal, layout_basic, minmay_misc_feat_roman,
          minmay_door_square, minivault_23
D:2:      layout_basic, zin_academy, fedhas_ov_isle_minmay, minmay_misc_feat_x

Skill      XL: |  1  2  3 |
---------------+----------+-----
Stealth        | 3 4 |  4.2
Fighting       | |  0.2
Short Blades   | |  0.3
Dodging        | |  2.2
Spellcasting   | |  3.1
Conjurations   | |  1.1
Summonings     | |  1.0
Translocations | |  1.0

Action                   || total
-------------------------++-------
Melee: Unarmed           ||    12
       Constrict         ||     7
       Dagger            ||     8
       Tentacles         ||     5
       Short sword       ||    28
 Cast: Magic Dart        ||    10
  Use: Potion            ||     1
 Stab: Sleeping          ||    13
Armor: Skin              ||     2
Dodge: Dodged            ||    26

Table legend:
 A = Non-vault XP
 B = Vault XP
 C = Vault XP percentage of total XP
 D = Non-vault monster count
 E = Vault monster count
 F = Vault count percentage of total count
                 A         B        C        D         E       F
            +---------+---------+-------+---------+---------+-------
      Total |      44 |       0 |   0.0 |      20 |       0 |   0.0
            +---------+---------+-------+---------+---------+-------
        D:1 |      44 |       0 |   0.0 |      20 |       0 |   0.0
            +---------+---------+-------+---------+---------+-------
